 Dungeon Crawl Stone Soup version 0.32-a0-732-ga344392067 (webtiles) character file.

Game seed: 8529879267099027226

11083 ezpacito the Nimble (level 11, -8/86 HPs)
             Began as a Coglin Chaos Knight on Mar 16, 2024.
             Was a Plaything of Xom.
             Mangled by a komodo dragon (10 damage)
             ... on level 10 of the Dungeon.
             The game lasted 00:15:36 (10632 turns).

ezpacito the Nimble (Coglin Chaos Knight)          Turns: 10632, Time: 00:15:36

Health: -8/86      AC: 13    Str: 16    XL:     11   Next: 72%
Magic:  17/17      EV:  9    Int: 16    God:    Xom [.*....]
Gold:   796        SH:  0    Dex: 12    Spells: 1/18 levels left

rFire   + . .        e - +8 frozen axe "Frostbite" {freeze, freezing cloud, *Noise Fly rC+}
rCold   + + .        (shield currently unavailable)
rNeg    . . .        s - +0 chain mail {rPois}
rPois   +            (helmet restricted)
rElec   +            J - scarf {rC+ rF+}
rCorr   .            A - +0 pair of gloves
SInv    .            (no boots)
Will    +....        (amulet unavailable)
Stlth   +            (ring unavailable)
HPRegen 0.34/turn    (ring unavailable)
MPRegen 0.15/turn    (no gizmo)

%: no passive effects
@: flying, studying Dodging, revved
A: off-hand wielding, slow wielding, warmup strikes, no jewellery, antennae 1,
iridescent scales 1, camouflage 1, clever 1, strong-willed 1, screaming 1,
electricity resistance
a: Invent Gizmo, Renounce Religion


You were on level 10 of the Dungeon.
You worshipped Xom.
You were a plaything of Xom.
You visited 2 branches of the dungeon, and saw 11 of its levels.

You collected 796 gold pieces.

Inventory:

Hand Weapons
 a - a +0 hand axe of chaos {Citlalmina}
 e - the +8 frozen axe "Frostbite" (weapon) {freeze, freezing cloud, *Noise Fly rC+}
   (You found it on level 10 of the Dungeon)

   rC+:       It protects you from cold.
   Fly:       It grants you flight.
   *Noise:    It may make a loud noise when swung.
 r - the +9 spear "Yqiedawo" {flame, *Corrode rC+ Stlth+}
   (You found it on level 2 of the Dungeon)

   rC+:       It protects you from cold.
   *Corrode:  It may corrode you when you take damage.
   Stlth+:    It makes you more stealthy.
 K - a +5 spear
 L - a +2 hand axe
Missiles
 i - 4 silver javelins
 u - 11 boomerangs (quivered)
 y - 2 datura-tipped darts
 G - 2 poisoned darts
Armour
 f - a +0 plate armour
 s - a +0 chain mail of poison resistance (worn)
 x - a +1 cloak
 A - a +0 pair of gloves (worn)
 D - +0 steam dragon scales
 I - a +2 helmet
 J - a scarf of resistance (worn)
Magical Staves
 c - a staff of earth
 l - a staff of cold
Talismans
 j - a beast talisman
Wands
 g - a wand of polymorph (11)
 m - a wand of warping (6)
 M - a wand of paralysis (4)
Scrolls
 k - 3 scrolls of poison {unknown}
 n - a scroll of amnesia
 o - 2 scrolls of immolation
 p - a scroll of enchant armour {unknown}
 q - a scroll of enchant weapon {unknown}
 t - 2 scrolls of teleportation
 z - 2 scrolls of fog
 B - a scroll of blinking {unknown}
 C - 2 scrolls of noise {unknown}
 F - a scroll of vulnerability {unknown}
 H - a scroll of acquirement {unknown}
 O - a scroll of silence
Potions
 d - a potion of might
 h - 2 potions of haste
 v - 5 potions of enlightenment
 w - 2 potions of brilliance
 E - 2 potions of mutation
 N - 2 potions of berserk rage {unknown}
Miscellaneous
 b - a lightning rod (4/4)


   Skills:
 * Level 8.0 Fighting
 * Level 7.9(8.6) Axes
 - Level 0.5(4.4) Maces & Flails
 + Level 4.6(6.5) Polearms
 * Level 6.8 Armour
 * Level 8.6 Dodging
 + Level 4.6 Stealth
 + Level 4.1 Spellcasting
 + Level 2.3 Summonings
 + Level 2.3 Necromancy
 + Level 2.6 Alchemy
 + Level 5.4 Evocations


You had one spell level left.
You knew the following spells:

 Your Spells              Type           Power      Damage    Failure   Level
a - Martyr's Knell        Necr/Summ      10%        N/A       99%         4
b - Ensorcelled Hibernat  Hex/Ice        6%         N/A       94%         2
c - Yara's Violent Unrav  Hex/Alch       3%         3d4       100%        5
d - Cigotuvi's Dreadful   Necr/Alch/Air  16%        N/A       77%         2
e - Necrotise             Necr           40%        1d6       52%         1
x - Vampiric Draining     Necr           10%        2d6       88%         3

Your spell library contained the following spells:

 Spells                   Type           Power      Damage    Failure   Level
 Freeze                   Ice            12%        1d3       85%         1
 Call Canine Familiar     Summ           10%        N/A       88%         3
 Jinxbite                 Hex            6%         N/A       94%         2
 Summon Ice Beast         Ice/Summ       7%         N/A       96%         3
 Frozen Ramparts          Ice            6%         1d1       99%         3
 Hailstorm                Conj/Ice       3%         3d5       99%         3
 Passwall                 Erth           3%         N/A       99%         3
 Sigil of Binding         Hex            3%         N/A       99%         3
 Swiftness                Air            3%         N/A       99%         3
 Volatile Blastmotes      Fire/Tloc      6%         2d10      99%         3
 Dispel Undead            Necr           10%        3d9       99%         4
 Dimensional Bullseye     Hex/Tloc       1%         N/A       100%        4
 Curse of Agony           Necr           10%        N/A       100%        5
 Summon Forest            Summ/Tloc      3%         N/A       100%        5
 Bombard                  Conj/Erth      1%         9d1       100%        6
 Eringya's Noxious Bog    Alch           5%         4d6       100%        6
 Permafrost Eruption      Ice/Erth       1%         2x4d2     100%        6
 Sculpt Simulacrum        Ice/Alch       3%         N/A       100%        6
 Enfeeble                 Hex            1%         N/A       100%        7
 Summon Hydra             Summ           5%         N/A       100%        7


Dungeon Overview and Level Annotations

Branches:
Dungeon (10/15)            Temple (1/1) D:4            Lair (0/5) D:10
    Orc (0/2) D:10

Altars:
Ashenzari
Cheibriados
Dithmenos
Elyvilon
Fedhas
Gozag
Hepliaklqana
Kikubaaqudgha
Makhleb
Nemelex Xobeh
Okawaru
Qazlal
Ru
Sif Muna
Trog
Uskayaw
Vehumet
Wu Jian
Xom
Yredelemnul
Zin
The Shining One

Shops:
D:7 *

Annotations:
D:4 3 runed translucent doors, BubbleThief's ghost, novice BaIE


Innate Abilities, Weirdness & Mutations

You can wield a second weapon in your off-hand.
It takes a long time for you to wield or remove held weapons.
Your first few attacks do less damage.
You cannot equip rings or amulets.
You have a pair of small antennae on your head.
You are partially covered in iridescent scales. (AC +2)
Your skin changes colour to match your surroundings (Stealth+).
Your mind is acute. (Int +4, Str/Dex -1)
You are strong-willed. (Will+)
You occasionally shout uncontrollably at your foes.
You are resistant to electric shocks. (rElec)


Message History

The komodo dragon hisses angrily.
You hear Xom's avuncular chuckle.
The komodo dragon suddenly seems more resistant.
The two-headed ogre hits you with a +0 dire flail!!
The two-headed ogre hits you with a +0 giant club!
You take 29 damage, and have 57/86 hp.
MASSIVE DAMAGE!!
You are too injured to fight recklessly!
You are too injured to fight recklessly!
You are too injured to fight recklessly!
You are too injured to fight recklessly!
You are too injured to fight recklessly!
You are too injured to fight recklessly!
You slice the two-headed ogre!! You freeze the two-headed ogre!
The two-headed ogre is heavily wounded.
The two-headed ogre hits you with a +0 dire flail!
The two-headed ogre hits you with a +0 giant club!
You take 25 damage, and have 32/86 hp.
MASSIVE DAMAGE!!
You slice the two-headed ogre!! You freeze the two-headed ogre.
The two-headed ogre is almost dead.
You barely miss the two-headed ogre.
The two-headed ogre is almost dead.
The two-headed ogre closely misses you.
The two-headed ogre hits you with a +0 giant club!
* * * LOW HITPOINT WARNING * * *
You take 16 damage, and have 17/86 hp.
You slash the two-headed ogre! You freeze the two-headed ogre.
You kill the two-headed ogre!
The komodo dragon is engulfed in freezing vapours.
The komodo dragon bites you!
* * * LOW HITPOINT WARNING * * *
Your Fighting skill increases to level 8!
You take 16 damage, and have 1/86 hp.
Okay, then.
The komodo dragon is engulfed in freezing vapours.
Okay, then.
You hit the komodo dragon.
The komodo dragon is moderately wounded.
The komodo dragon bites you!
You die...
Xom is highly amused!

.## #.# ## #.# # #.# #.# #.#
##.## ####### ##...#######......
######...........#.....
#...○l@<..#####.###.#..
....######.## ##.## ##... # ...
#.# #.## ##.. # ... #.# ##.##
##.#. # ... ##'## ##.###.##. #
#.# ##...## ##.#.###. # #.###
##.....## ##...... # #.#.##
##.......#####..####
######....####...[.....##......#


You could see a komodo dragon (resistant).

Vanquished Creatures
  3 two-headed ogres
  The ghost of Fodor the Chopper, a novice MiFi (D:3)
  A gargoyle (D:8)
  A freezing wraith (D:9)
  An unseen horror (D:10)
  2 polar bears
  A troll (D:9)
  2 shadows
  14 yaks
  Eustachio (D:5)
  2 centaur simulacra (D:10)
  A wraith (D:10)
  2 steam dragons
  A basilisk (shapeshifter) (D:9)
  Menkaure (D:4)
  Duvessa (D:4)
  A meliai simulacrum (D:10)
  An ice beast (D:5)
  A sky beast (D:6)
  2 black bears
  6 orc warriors
  An ogre (D:4)
  A weeping skull (D:10)
  A phantom (D:5)
  4 centaurs
  A bullfrog (D:6)
  5 scorpions
  Dowan (D:4)
  9 wights
  6 killer bees (D:8)
  6 howler monkeys
  A bombardier beetle (D:5)
  A jelly (D:5)
  7 orc priests
  2 hounds
  Crazy Yiuf (D:4)
  Jessica (D:2)
  3 iguanas
  Ijyb (D:4)
  A sleepcap (D:7)
  8 orc wizards
  A gnoll (D:5)
  11 adders
  2 ufetubi (D:5)
  3 ribbon worms
  3 dart slugs
  22 orcs
  5 bats
  7 endoplasms
  3 giant cockroaches
  9 goblins
  5 hobgoblins
  8 jackals
  3 quokkas
  6 ball pythons
  2 frilled lizards
  7 kobolds
  5 rats
  A spectral orc (D:10)
210 creatures vanquished.

Vanquished Creatures (collateral kills)
  2 yaks (D:8)
  A black bear (D:5)
  A centaur (D:8)
  A gnoll bouda (D:8)
  An orc (D:5)
6 creatures vanquished.

Grand Total: 216 creatures vanquished

Notes
Turn   | Place    | Note
-------+----------+-------------------------------------------
     0 | D:1      | ezpacito the Coglin Chaos Knight began the quest for the
                  | Orb.
     0 | D:1      | Reached XP level 1. HP: 18/18 MP: 1/1
    95 | D:1      | Reached skill level 1 in Dodging
   182 | D:1      | Reached XP level 2. HP: 23/24 MP: 2/2
   663 | D:1      | Reached XP level 3. HP: 29/29 MP: 3/3
   698 | D:1      | XOM: god gift: 7 stones
   737 | D:1      | XOM is BORED!
   984 | D:2      | XOM: 1-stop teleportation journey
  1011 | D:2      | XOM: god gift: encrusted emerald ring {god gift}
  1018 | D:2      | Noticed Jessica
  1021 | D:2      | Killed Jessica
  1022 | D:2      | Reached skill level 1 in Stealth
  1022 | D:2      | Reached XP level 4. HP: 23/35 MP: 5/5
  1179 | D:2      | Reached skill level 1 in Spellcasting
  1359 | D:2      | XOM: divination: detect creatures
  1415 | D:2      | Identified the +9 spear "Yqiedawo" {flame, *Corrode rC+
                  | Stlth+}
  1840 | D:3      | Reached XP level 5. HP: 41/41 MP: 6/6
  1872 | D:3      | Reached skill level 1 in Polearms
  1918 | D:3      | XOM: god gift: 40 gold pieces
  2155 | D:3      | Found a runed translucent gate.
  2155 | D:3      | Found a runed translucent gate.
  2155 | D:3      | Found a runed translucent gate.
  2156 | D:3      | Noticed Fodor's ghost (novice MiFi)
  2237 | D:3      | XOM: cloud trail
  2609 | D:3      | XOM: give mutations
  2609 | D:3      | Gained mutation: You are resistant to electric shocks.
                  | (rElec) [Xom's mischief]
  2609 | D:3      | Gained mutation: You occasionally shout uncontrollably at
                  | your foes. [Xom's mischief]
  2609 | D:3      | Gained mutation: You are partially covered in iridescent
                  | scales. (AC +2) [Xom's mischief]
  2634 | D:3      | Killed Fodor's ghost
  2635 | D:3      | Reached XP level 6. HP: 41/48 MP: 6/8
  2635 | D:3      | Reached XP level 7. HP: 46/54 MP: 6/9
  2782 | D:4      | Found a staircase to the Ecumenical Temple.
  2793 | Temple   | Entered the Ecumenical Temple
  2844 | D:4      | Learned a level 3 spell: Vampiric Draining
  2849 | D:4      | Learned a level 4 spell: Martyr's Knell
  2852 | D:4      | Learned a level 2 spell: Ensorcelled Hibernation
  3379 | D:4      | Found a runed translucent door.
  3380 | D:4      | Noticed Crazy Yiuf
  3541 | D:4      | Noticed Menkaure
  3544 | D:4      | XOM: god gift: glowing cloak {god gift}
  3545 | D:4      | Killed Menkaure
  3546 | D:4      | Reached XP level 8. HP: 44/61 MP: 10/10
  3581 | D:4      | XOM: noise
  3587 | D:4      | Noticed Ijyb
  3595 | D:4      | Killed Ijyb
  3615 | D:4      | Noticed Duvessa
  3615 | D:4      | Noticed Dowan
  3617 | D:4      | XOM: divination: magic mapping
  3624 | D:4      | Killed Duvessa
  3628 | D:4      | Killed Dowan
  3686 | D:4      | Found a runed translucent gate.
  3687 | D:4      | Found a runed translucent gate.
  3688 | D:4      | Found a runed translucent gate.
  3690 | D:4      | Noticed BubbleThief's ghost (novice BaIE)
  3825 | D:4      | Killed Crazy Yiuf
  3826 | D:4      | Reached skill level 1 in Evocations
  3968 | D:5      | Entered Level 5 of the Dungeon
  4142 | D:5      | XOM: summons friendly white imp
  4148 | D:5      | Reached skill level 5 in Fighting
  4216 | D:5      | Noticed Eustachio
  4223 | D:5      | Killed Eustachio
  4224 | D:5      | Reached skill level 5 in Axes
  4576 | D:5      | XOM: cast spell 'Summon Ice Beast'
  4581 | D:5      | Reached XP level 9. HP: 65/68 MP: 12/12
  4883 | D:6      | XOM: potion effect (heal wounds)
  4888 | D:6      | Reached skill level 5 in Dodging
  4895 | D:6      | XOM: enchant monster (good)
  4922 | D:6      | Reached skill level 5 in Armour
  5013 | D:6      | XOM: silly message
  5207 | D:6      | XOM: summons 2 friendly demons
  5359 | D:6      | XOM: summons friendly ufetubus
  5365 | D:6      | Reached XP level 10. HP: 73/77 MP: 14/14
  5593 | D:6      | XOM: give mutations
  5593 | D:6      | Gained mutation: You are strong-willed. (Will+) [Xom's
                  | grace]
  5593 | D:6      | Gained mutation: Your mind is acute. (Int +4, Str/Dex -1)
                  | [Xom's grace]
  5593 | D:6      | Gained mutation: Your skin changes colour to match your
                  | surroundings (Stealth+). [Xom's grace]
  5685 | D:7      | Found Umiuco's Overcharged Wands.
  6300 | D:7      | XOM: god gift: 34 gold pieces
  6524 | D:8      | XOM: noise
  6603 | D:7      | Learned a level 5 spell: Yara's Violent Unravelling
  6613 | D:8      | Found a hazy altar of Hepliaklqana.
  6644 | D:8      | XOM: enchant monster (good)
  6797 | D:8      | Found a bloodstained altar of Trog.
  6826 | D:8      | XOM: scenery: create altars
  7014 | D:8      | XOM: destruction
  7125 | D:8      | XOM: noise
  7142 | D:8      | XOM: god gift: scarf of resistance
  7187 | D:8      | Noticed a gargoyle
  7194 | D:8      | Killed a gargoyle
  7195 | D:8      | Reached skill level 1 in Summonings
  7195 | D:8      | Reached skill level 1 in Necromancy
  7195 | D:8      | Reached skill level 1 in Alchemy
  7349 | D:8      | XOM: scenery: 1 doors open, 1 doors close
  7577 | D:9      | XOM: summons friendly shadow imp
  7699 | D:9      | XOM: smoke on damage
  7779 | D:9      | XOM: cleaving
  7911 | D:9      | XOM: draining
  7966 | D:9      | Noticed a two-headed ogre
  7974 | D:9      | Killed a two-headed ogre
  7975 | D:9      | Reached XP level 11. HP: 51/84 MP: 16/16
  8193 | D:9      | Noticed a two-headed ogre
  8194 | D:9      | XOM: cast spell 'Chain of Chaos'
  8199 | D:9      | Killed a two-headed ogre
  8297 | D:9      | XOM: give mutation
  8297 | D:9      | Gained mutation: You have a pair of small antennae on your
                  | head. [Xom's mischief]
  8457 | D:10     | Entered Level 10 of the Dungeon
  8462 | D:10     | Learned a level 2 spell: Cigotuvi's Dreadful Rot
  8464 | D:10     | Learned a level 1 spell: Necrotise
  8504 | D:10     | Found the +8 frozen axe "Frostbite" {freeze, freezing
                  | cloud, *Noise Fly rC+}
  8513 | D:10     | XOM: polymorph rime drake -> shapeshifter
  8597 | D:10     | XOM: summons friendly white imp
  8666 | D:9      | XOM: enchant monster (good)
  8699 | D:9      | XOM: confuse monster(s)
  8703 | D:9      | Reached skill level 5 in Evocations
  8862 | D:10     | XOM: confuse monster(s)
  9110 | D:9      | XOM: summons 1 hostile demon
  9388 | D:10     | HP: 2/85 [shadow (3)]
  9390 | D:10     | XOM: fake destruction
  9570 | D:10     | XOM: 4-stop teleportation journey
  9640 | D:10     | XOM: noise
  9784 | D:10     | XOM: god gift: scale mail {god gift}
  9813 | D:10     | XOM: enchant monster (bad)
  9817 | D:10     | XOM: enchant monster (bad)
 10017 | D:10     | Found a staircase to the Orcish Mines.
 10074 | D:10     | XOM: enchant monster (good)
 10359 | D:10     | Found a basalt altar of Yredelemnul.
 10482 | D:10     | Found a staircase to the Lair.
 10623 | D:10     | Noticed a two-headed ogre
 10625 | D:10     | XOM: enchant monster (bad)
 10630 | D:10     | Killed a two-headed ogre
 10630 | D:10     | HP: 1/86 [komodo dragon (17)]
 10632 | D:10     | Mangled by a komodo dragon

Illustrated notes

Levels and vault maps discovered:
D:1:      heliophobic_arrival_ceremonial_halls, layout_basic
D:2:      layout_loops_ring, uniq_jessica
D:3:      layout_basic, ebering_ghost_rock_garden
D:4:      layout_loops_corners, temple_green, ebering_ghost_rock_garden,
          uniq_ijyb, uniq_menkaure, uniq_crazy_yiuf_cottage, uniq_duvessa
D:5:      layout_basic, minmay_manual_mess, uniq_eustachio
D:6:      layout_loops_cross
D:7:      layout_loops_corners, nicolae_eternal_life,
          nicolae_shop_overcharged_wands
D:8:      layout_gridville, trog_three_pillars_becter,
          mainiacjoe_overflow_alcove_1, dreamdust_gnoll_shepherd
D:9:      layout_basic
D:10:     minmay_coctagon, layout_loops_corners,
          yredelemnul_forgotten_temple_becter, david_orc_4
Temple:   hellmonk_temple_of_storms

Skill      XL: |  1  2  3  4  5  6  7  8  9 10 11 |
---------------+----------------------------------+-----
Dodging        | 1 2 3 4 6 7 8 |  8.6
Armour         | 2 3 4 5 6 |  6.8
Stealth        | 1 2 3 4 |  4.6
Spellcasting   | 1 2 3 4 |  4.1
Polearms       | 1 2 3 4 |  4.6
Fighting       | 4 5 6 7 8 |  8.0
Axes           | 4 5 6 7 |  7.9
Evocations     | 2 3 4 5 |  5.4
Summonings     | 1 2 |  2.3
Necromancy     | 1 2 |  2.3
Alchemy        | 1 2 |  2.6
Maces & Flails | |  0.5

Action                     |  1- 3 |  4- 6 |  7- 9 | 10-12 || total
---------------------------+-------+-------+-------+-------++-------
  Melee: Hand axe          |    53 |    48 |   133 |   181 ||   415
         Dagger            |    29 |       |       |       ||    29
         Whip              |    19 |       |       |       ||    19
         Spear             |     6 |    74 |   182 |   219 ||   481
         Executioner's axe |       |       |       |    41 ||    41
  Evoke: Lightning rod     |       |       |       |     2 ||     2
    Use: Scroll            |       |     5 |     2 |     8 ||    15
         Potion            |       |     1 |     2 |     7 ||    10
   Stab: Confused          |     1 |     1 |       |     3 ||     5
         Sleeping          |     1 |     1 |       |     3 ||     5
         Distracted        |       |     1 |       |     1 ||     2
         Paralysed         |       |       |       |     3 ||     3
 Armour: Leather armour    |    45 |    10 |       |       ||    55
         Chain mail        |       |    11 |   116 |   338 ||   465
  Dodge: Dodged            |    30 |    20 |    53 |   118 ||   221

Table legend: (Time is in decaauts)
 A = Elapsed time spent in this place.
 B = Non-inter-level travel time spent in this place.
 C = Inter-level travel time spent in this place.
 D = Time resting spent in this place.
 E = Time spent auto-exploring this place.
 F = Levels seen in this place.
 G = Mean time per level.
                   A        B        C        D        E       F      G
               +--------+--------+--------+--------+--------+-----+--------+
         Total |  10659 |  10228 |    431 |   1323 |   7392 |  11 |  969.0 |
       Dungeon |  10658 |  10227 |    431 |   1323 |   7392 |  10 | 1065.8 |
        Temple |      1 |      1 |      0 |      0 |      0 |   1 |    1.0 |
               +--------+--------+--------+--------+--------+-----+--------+

Top non-repeatable levels by time:
     D:9: 1737 daAuts
    D:10: 1497 daAuts
     D:4: 1324 daAuts
     D:2: 960 daAuts
     D:7: 945 daAuts
     D:6: 888 daAuts
     D:1: 880 daAuts
     D:8: 818 daAuts
     D:3: 808 daAuts
     D:5: 796 daAuts
  Temple: 1 daAuts
